A+ EAST
ASHEVILLE TOURISTS @ HUDSON VALLEY RENEGADES
08/30/2041
 
TOP OF THE 1ST
Asheville Tourists batting - Pitching for Hudson Valley Renegades : LHP Pete Copeland
Pitching: LHP Pete Copeland
Batting: RHB Raúl Villa 0-0: Ground out 1-3 (Groundball, 34S, EV 65.6 MPH)
Batting: RHB Jared Clemente 0-0: Bunt for hit to 25 - play at first, batter OUT! 5-3
Batting: RHB Jimmy Davidson 0-0: Ball
1-0: Ball
2-0: Ball
3-0: Called Strike
3-1: Base on Balls
Batting: SHB Erik Ashe 0-0: Fly out, F3 (Popup, 3, EV 76.3 MPH)
Top of the 1st over - 0 runs, 0 hits, 0 errors, 1 left on base; Asheville 0 - Hudson Valley 0
BOTTOM OF THE 1ST
Hudson Valley Renegades batting - Pitching for Asheville Tourists : RHP Mario Alaniz
Pitching: RHP Mario Alaniz
Batting: SHB Eric Powell 0-0: Ball
1-0: Ball
2-0: Ball
3-0: Called Strike
3-1: Base on Balls
Batting: RHB Donnie McIlzegowie 0-0: Called Strike
0-1: Ball
1-1: Swinging Strike
1-2: Ball
2-2: Strikes out swinging
Batting: LHB Danny Roberts 0-0: Called Strike
0-1: Hit by Pitch
Eric Powell to second
Batting: RHB Gunder Lundgaard 0-0: DOUBLE (Groundball, 5L, EV 110.6 MPH)
Eric Powell scores
Danny Roberts to third
Runner from 3rd tries for Home, SAFE, throw by LF to trailing runner, OUT at third! 7-3-5
Batting: RHB Steve Blankenship 0-0: Ground out 6-3 (Groundball, 6, EV 90.0 MPH)
Bottom of the 1st over - 2 runs, 1 hit, 0 errors, 0 left on base; Asheville 0 - Hudson Valley 2
TOP OF THE 2ND
Asheville Tourists batting - Pitching for Hudson Valley Renegades : LHP Pete Copeland
Batting: RHB Lou Horn 0-0: Ball
1-0: Ball
2-0: Ground out 5-3 (Groundball, 5S, EV 81.3 MPH)
Batting: SHB José Morán 0-0: Ball
1-0: Ball
2-0: Called Strike
2-1: Ball
3-1: Base on Balls
Batting: LHB Mike Halfyard 0-0: Swinging Strike
0-1: Ball
1-1: Ball
2-1: Ball
3-1: Base on Balls
José Morán to second
Batting: RHB Clint Hancock 0-0: Fly out, F8 (Flyball, 89D, EV 106.3 MPH)
Batting: RHB José Carlos Rangel 0-0: Fly out, F8 (Flyball, 8RD, EV 102.5 MPH)
Top of the 2nd over - 0 runs, 0 hits, 0 errors, 2 left on base; Asheville 0 - Hudson Valley 2
BOTTOM OF THE 2ND
Hudson Valley Renegades batting - Pitching for Asheville Tourists : RHP Mario Alaniz
Batting: RHB Juan Flores 0-0: Called Strike
0-1: Ball
1-1: Fly out, F8 (Flyball, 8RXD, EV 109.4 MPH)
Batting: RHB Steve McAllister 0-0: Called Strike
0-1: Called Strike
0-2: Strikes out swinging
Batting: LHB Alex Mata 0-0: Ball
1-0: Swinging Strike
1-1: Swinging Strike
1-2: Strikes out looking
Bottom of the 2nd over - 0 runs, 0 hits, 0 errors, 0 left on base; Asheville 0 - Hudson Valley 2
TOP OF THE 3RD
Asheville Tourists batting - Pitching for Hudson Valley Renegades : LHP Pete Copeland
Batting: RHB Raúl Villa 0-0: Ball
1-0: Foul Ball, location: 2F
1-1: Ball
2-1: Foul Ball, location: 9LSF
2-2: Ball
3-2: Base on Balls
Batting: RHB Jared Clemente 0-0: Ball
1-0: Ball
2-0: Ball
3-0: Base on Balls
Raúl Villa to second
Batting: RHB Jimmy Davidson 0-0: Ball
1-0: Foul Ball, location: 25F
1-1: Grounds into double play, 4-6-3 (Groundball, 4, EV 83.8 MPH)
Raúl Villa to third
Batting: SHB Erik Ashe 0-0: Called Strike
0-1: Ground out 1-3 (Groundball, 13S, EV 64.4 MPH)
Top of the 3rd over - 0 runs, 0 hits, 0 errors, 1 left on base; Asheville 0 - Hudson Valley 2
BOTTOM OF THE 3RD
Hudson Valley Renegades batting - Pitching for Asheville Tourists : RHP Mario Alaniz
Batting: RHB Jim Unknown 0-0: Foul Ball, location: 2F
0-1: Fly out, F9 (Flyball, 9, EV 76.3 MPH)
Batting: SHB Eric Powell 0-0: Called Strike
0-1: Swinging Strike
0-2: Fly out, F9 (Line Drive, 89M, EV 100.6 MPH)
Batting: RHB Donnie McIlzegowie 0-0: Called Strike
0-1: Ball
1-1: Ball
2-1: Called Strike
2-2: Ball
3-2: Base on Balls
Batting: LHB Danny Roberts 0-0: Ball
1-0: Fly out, F9 (Flyball, 89S, EV 84.4 MPH)
Bottom of the 3rd over - 0 runs, 0 hits, 0 errors, 1 left on base; Asheville 0 - Hudson Valley 2
TOP OF THE 4TH
Asheville Tourists batting - Pitching for Hudson Valley Renegades : LHP Pete Copeland
Batting: RHB Lou Horn 0-0: Ball
1-0: Fly out, F7 (Line Drive, 7LM, EV 94.4 MPH)
Batting: SHB José Morán 0-0: Called Strike
0-1: Ball
1-1: Ball
2-1: Swinging Strike
2-2: Fly out, F8 (Line Drive, 8LM, EV 87.5 MPH)
Batting: LHB Mike Halfyard 0-0: Called Strike
0-1: Ball
1-1: Ball
2-1: Ball
3-1: Foul Ball, location: 7LSF
3-2: Foul Ball, location: 3FF
3-2: Foul Ball, location: 2F
3-2: Foul Ball, location: 5F
3-2: Foul Ball, location: 2F
3-2: Ground out 6-3 (Groundball, 6, EV 103.1 MPH)
Top of the 4th over - 0 runs, 0 hits, 0 errors, 0 left on base; Asheville 0 - Hudson Valley 2
BOTTOM OF THE 4TH
Hudson Valley Renegades batting - Pitching for Asheville Tourists : RHP Mario Alaniz
Batting: RHB Gunder Lundgaard 0-0: Called Strike
0-1: Foul Ball, location: 2F
0-2: Ground out 6-3 (Groundball, 6, EV 85.6 MPH)
Batting: RHB Steve Blankenship 0-0: Ball
1-0: Called Strike
1-1: Swinging Strike
1-2: Ball
2-2: Ball
3-2: Foul Ball, location: 9LDF
3-2: Base on Balls
Batting: RHB Juan Flores 0-0: Called Strike
0-1: Called Strike
0-2: Ball
1-2: Ball
2-2: Ball
3-2: Strikes out swinging
Batting: RHB Steve McAllister 0-0: Ball
1-0: Foul Ball, location: 9LSF
1-1: Ball
2-1: Ball
3-1: Called Strike
3-2: DOUBLE (Flyball, 8LD, EV 101.9 MPH)
Steve Blankenship to third
Steve Blankenship scores
Batting: LHB Alex Mata 0-0: Ball
1-0: Ball
2-0: Ball
3-0: Base on Balls
Batting: RHB Jim Unknown 0-0: Ball
1-0: Called Strike
1-1: Foul Ball, location: 2F
1-2: Ball
2-2: Ball
3-2: Strikes out swinging
Bottom of the 4th over - 1 run, 1 hit, 0 errors, 2 left on base; Asheville 0 - Hudson Valley 3
TOP OF THE 5TH
Asheville Tourists batting - Pitching for Hudson Valley Renegades : LHP Pete Copeland
Batting: RHB Clint Hancock 0-0: Ball
1-0: Fly out, F9 (Flyball, 9, EV 98.1 MPH)
Batting: RHB José Carlos Rangel 0-0: Fly out, F9 (Line Drive, 9, EV 110.6 MPH)
Batting: RHB Raúl Villa 0-0: Foul Ball, location: 2RF
0-1: Foul Ball, location: 2LF
0-2: Ground out 4-3 (Groundball, 4, EV 86.9 MPH)
Top of the 5th over - 0 runs, 0 hits, 0 errors, 0 left on base; Asheville 0 - Hudson Valley 3
BOTTOM OF THE 5TH
Hudson Valley Renegades batting - Pitching for Asheville Tourists : RHP Mario Alaniz
Batting: SHB Eric Powell 0-0: Ball
1-0: Ground out 5-3 (Groundball, 56, EV 86.3 MPH)
Batting: RHB Donnie McIlzegowie 0-0: Called Strike
0-1: Ground out 2-3 (Groundball, 2R, EV 70.6 MPH)
Batting: LHB Danny Roberts 0-0: Foul Ball, location: 7LMF
0-1: Foul Ball, location: 2F
0-2: Ball
1-2: Strikes out looking
Bottom of the 5th over - 0 runs, 0 hits, 0 errors, 0 left on base; Asheville 0 - Hudson Valley 3
TOP OF THE 6TH
Asheville Tourists batting - Pitching for Hudson Valley Renegades : LHP Pete Copeland
Batting: RHB Jared Clemente 0-0: Ground out 5-3 (Groundball, 56, EV 84.4 MPH)
Batting: RHB Jimmy Davidson 0-0: Called Strike
0-1: Ball
1-1: Swinging Strike
1-2: Foul Ball, location: 2F
1-2: Fly out, F7 (Line Drive, 7, EV 86.9 MPH)
Batting: SHB Erik Ashe 0-0: Called Strike
0-1: Ground out 6-3 (Groundball, 6, EV 85.0 MPH)
Top of the 6th over - 0 runs, 0 hits, 0 errors, 0 left on base; Asheville 0 - Hudson Valley 3
BOTTOM OF THE 6TH
Hudson Valley Renegades batting - Pitching for Asheville Tourists : RHP Mario Alaniz
Batting: RHB Gunder Lundgaard 0-0: Ball
1-0: Called Strike
1-1: Ball
2-1: Ball
3-1: Base on Balls
Batting: RHB Steve Blankenship 0-0: Foul Ball, location: 2F
0-1: Ball
1-1: Ball
2-1: Called Strike
2-2: Grounds into double play, 3-6-3 (Groundball, 3, EV 101.9 MPH)
Batting: RHB Juan Flores 0-0: Ball
1-0: Ball
2-0: Ball
3-0: Called Strike
3-1: Foul Ball, location: 9LDF
3-2: Foul Ball, location: 2F
3-2: Base on Balls
Pitching: LHP Luis Negrón
Batting: RHB Steve McAllister 0-0: Foul Ball, location: 9LMF
0-1: Called Strike
0-2: Ball
1-2: Ball
2-2: Ball
3-2: Base on Balls
Juan Flores to second
Batting: LHB Alex Mata 0-0: SINGLE (Line Drive, 56D, EV 98.1 MPH)
Juan Flores to third
Steve McAllister to second
Runner from 3rd tries for Home, throw by LF and OUT! 7-2
Bottom of the 6th over - 0 runs, 1 hit, 0 errors, 2 left on base; Asheville 0 - Hudson Valley 3
TOP OF THE 7TH
Asheville Tourists batting - Pitching for Hudson Valley Renegades : LHP Pete Copeland
Batting: RHB Lou Horn 0-0: Foul Ball, location: 3DF
0-1: Foul Ball, location: 9LSF
0-2: Foul Ball, location: 9LDF
0-2: Ball
1-2: Foul Ball, location: 2F
1-2: Foul Ball, location: 2F
1-2: Strikes out looking
Batting: SHB José Morán 0-0: Called Strike
0-1: Called Strike
0-2: Ball
1-2: Ball
2-2: Ball
3-2: Strikes out swinging
Batting: LHB Mike Halfyard 0-0: Ball
1-0: Ball
2-0: Swinging Strike
2-1: Fly out, F8 (Flyball, 8LM, EV 90.6 MPH)
Top of the 7th over - 0 runs, 0 hits, 0 errors, 0 left on base; Asheville 0 - Hudson Valley 3
BOTTOM OF THE 7TH
Hudson Valley Renegades batting - Pitching for Asheville Tourists : LHP Luis Negrón
Batting: RHB Jim Unknown 0-0: Ball
1-0: Foul Ball, location: 9LSF
1-1: Swinging Strike
1-2: Strikes out swinging
Batting: SHB Eric Powell 0-0: Ball
1-0: Ball
2-0: SOLO HOME RUN (Flyball, 78XD, EV 104.4 MPH), Distance : 411 ft
Batting: RHB Donnie McIlzegowie 0-0: Ball
1-0: Ball
2-0: SINGLE (Groundball, 4MD, EV 104.4 MPH)
Batting: LHB Danny Roberts 0-0: Called Strike
0-1: Ball
1-1: Fly out, F7 (Line Drive, 7, EV 100.6 MPH)
Batting: RHB Gunder Lundgaard 0-0: Foul Ball, location: 7LSF
0-1: Swinging Strike
0-2: Strikes out swinging
Bottom of the 7th over - 1 run, 2 hits, 0 errors, 1 left on base; Asheville 0 - Hudson Valley 4
TOP OF THE 8TH
Asheville Tourists batting - Pitching for Hudson Valley Renegades : LHP Pete Copeland
Batting: RHB Clint Hancock 0-0: Ball
1-0: Ball
2-0: Called Strike
2-1: Foul Ball, location: 2F
2-2: SINGLE (Line Drive, 4MD, EV 95.6 MPH)
Batting: RHB José Carlos Rangel 0-0: Called Strike
0-1: Foul Ball, location: 2F
0-2: Strikes out swinging
Batting: RHB Raúl Villa 0-0: Swinging Strike
0-1: Called Strike
0-2: Foul Ball, location: 9LMF
0-2: Grounds into double play, 4-6-3 (Groundball, 4MD, EV 102.5 MPH)
Top of the 8th over - 0 runs, 1 hit, 0 errors, 0 left on base; Asheville 0 - Hudson Valley 4
BOTTOM OF THE 8TH
Hudson Valley Renegades batting - Pitching for Asheville Tourists : LHP Luis Negrón
Batting: RHB Steve Blankenship 0-0: Ball
1-0: Ball
2-0: Ball
3-0: Called Strike
3-1: Called Strike
3-2: Foul Ball, location: 25FF
3-2: SINGLE (Line Drive, 89S, EV 97.5 MPH)
Batting: RHB Juan Flores 0-0: Swinging Strike
0-1: Called Strike
0-2: Ball
Wild Pitch!
Steve Blankenship to second
1-2: Ball
2-2: Ball
3-2: Base on Balls
Batting: RHB Steve McAllister 0-0: Ball
1-0: SINGLE (Line Drive, 3D, EV 98.1 MPH)
Steve Blankenship to third
Juan Flores to second
Batting: LHB Alex Mata 0-0: Foul Ball, location: 3F
0-1: Ball
1-1: TRIPLE (Line Drive, 78XD, EV 101.9 MPH)
Steve Blankenship scores
Juan Flores scores
Steve McAllister scores
Batting: RHB Jim Unknown 0-0: Ball
1-0: Ball
2-0: Ball
3-0: Called Strike
3-1: Foul Ball, location: 2F
3-2: Base on Balls
Pitching: RHP Zach Johnston
Batting: SHB Eric Powell 0-0: Called Strike
0-1: Foul Ball, location: 25F
0-2: Ball
1-2: Strikes out looking
Batting: RHB Dave Ayers 0-0: Ball
1-0: Foul Ball, location: 3FF
1-1: Ball
2-1: Fly out, F3 (Popup, 3F, EV 81.3 MPH)
Batting: LHB Danny Roberts 0-0: Called Strike
0-1: Ground out 3-1 (Groundball, 34, EV 100.6 MPH)
Bottom of the 8th over - 3 runs, 3 hits, 0 errors, 2 left on base; Asheville 0 - Hudson Valley 7
TOP OF THE 9TH
Asheville Tourists batting - Pitching for Hudson Valley Renegades : LHP Pete Copeland
Pinch Hitting: RHB Dave Hamilton 0-0: Called Strike
0-1: Foul Ball, location: 9LDF
0-2: Ball
1-2: Strikes out swinging, 2-3 out at first.
Batting: RHB Jimmy Davidson 0-0: Foul Ball, location: 9LSF
0-1: Ball
1-1: Ground out 6-3 (Groundball, 6, EV 85.0 MPH)
Pinch Hitting: RHB Steve Kuhn 0-0: Ball
1-0: Ball
2-0: Ball
3-0: Called Strike
3-1: Ground out 6-3 (Groundball, 6, EV 84.4 MPH)
Top of the 9th over - 0 runs, 0 hits, 0 errors, 0 left on base; Asheville 0 - Hudson Valley 7
Monday, April 1st , 2024 - OOTP Baseball 24.10 Build 82